Cogmind - Beta 10.2 @@@ ROGUE MODE // 2020.11.06 @ 16:01:50 Player: REM Result: Destroyed by G-34 Mercenary with Small Laser Performance ------------- Evolutions (0) 0 Regions Visited (1) 200 Robots Destroyed (2) 10 Value Destroyed (81) 81 Prototype IDs (0) 0 Alien Tech Used (0) 0 Bonus (0) 0 TOTAL SCORE: 291 Bonus ------- None Cogmind --------- Core Integrity 0/250 Matter 401/500 Energy 66/160 System Corruption 0% Temperature Cool (15) Movement Core (250) Ox4 Location -10/Materials Parts ------- > --- POWER (1) -------- Light Nuclear Core > --- PROPULSION (2) --- (None) > --- UTILITY (2) ------ Small Storage Unit High-capacity Matter Pod > --- WEAPON (2) ------- (None) > --- INVENTORY (6) ---- (None) Peak State ------------ > --- POWER ------------ Light Ion Engine > --- PROPULSION ------- Wheel Compact Wheel > --- UTILITY ---------- Small Storage Unit High-capacity Matter Pod > --- WEAPON ----------- Medium Laser Light Assault Rifle > --- INVENTORY -------- (None) [Rating: 7] Favorites ----------- Power Light Ion Engine Engine Light Ion Engine Power Core Light Nuclear Core Propulsion Wheel Wheel Wheel Utility Small Storage Unit Storage Small Storage Unit Weapon Light Assault Rifle Energy Gun Medium Laser Ballistic Gun Light Assault Rifle Special Weapon Welding Torch Build | -11 -10 ------- Run | Scr Mat Slots Evolved . | . . Power . | . . Propulsion . | . . Utility . | . . Weapon . | . . Parts Attached 10 | 6 4 Power 2 | 1 1 Engine 1 | 1 . Core 1 | . 1 Reactor . | . . Propulsion 2 | 2 . Treads . | . . Leg . | . . Wheel 2 | 2 . Hover . | . . Flight . | . . Utility 2 | 1 1 Device . | . . Storage 2 | 1 1 Processor . | . . Hackware . | . . Protection . | . . Artifact . | . . Weapon 4 | 2 2 Energy Gun 1 | 1 . Energy Cannon . | . . Ballistic Gun 1 | 1 . Ballistic Cannon . | . . Launcher . | . . Special Weapon 2 | . 2 Impact Weapon . | . . Slashing Weapon . | . . Piercing Weapon . | . . Special Melee Weapon . | . . Unidentified Prototypes . | . . Parts Lost 7 | . 7 Power 1 | . 1 Propulsion 2 | . 2 Utility . | . . Weapon 4 | . 4 Highest Loss Streak 7 | . 7 Average Slot Usage (%) 74 | . 74 Engine 9 | . 9 Wheel 18 | . 18 Storage 24 | . 24 Energy Gun 9 | . 9 Ballistic Gun 10 | . 10 Special Weapon 3 | . 3 Naked Turns . | . . Heaviest Build 14 | 10 14 Greatest Support 26 | 26 26 Greatest Overweight (x) 4 | 1 4 Average Overweight (x) . | . . Largest Inventory Capacity 6 | 6 6 Average Capacity 5 | 5 6 Most Carried 3 | 3 2 Average Carried . | . . Final Capacity 6 | 6 6 Final Carried . | . . Class Distribution -------------------- 100% | Mutant Dominant Class ---------------- Mutant | -10/Materials Resources | -11 -10 ----------- Run | Scr Mat Matter Collected 366 | 260 106 Remotely . | . . Salvage Created 70 | . 70 Parts 2 | . 2 Haulers Intercepted . | . . Recyclers Shooed . | . . Parts Field Recycled . | . . Retrieved Matter . | . . Parts Self-Destructed . | . . Prevented . | . . Kills | -11 -10 ------- Run | Scr Mat Combat Hostiles Destroyed 2 | . 2 Melee 1 | . 1 Guns 1 | . 1 Classes Destroyed 1 | . 1 Grunt 2 | . 2 Best Kill Streak 1 | . 1 Combat Bots Only 1 | . 1 Max Kills in Single Turn 1 | . 1 Gunslinging . | . . Exploded . | . . Melee 1 | . 1 Uniques/NPCs Destroyed . | . . Combat | -11 -10 -------- Run | Scr Mat Damage Taken 638 | . 638 Core 251 | . 251 Absorbed by Shields . | . . Core Remaining (%) 100 | 100 . Volleys Fired 16 | . 16 Largest 2 | . 2 Hottest 70 | . 70 Shots Fired 28 | . 28 Gun 23 | . 23 Cannon . | . . Launcher . | . . Special 5 | . 5 Kinetic 13 | . 13 Thermal 15 | . 15 Explosive . | . . Electromagnetic . | . . Robot Hit Streak 8 | . 8 Robot Miss Streak 2 | . 2 Penetration Max . | . . Secondary Targets . | . . Shots Hit Robots 19 | . 19 Core Hits 8 | . 8 Critical Hits . | . . Critical Kills . | . . Critical Parts Destroyed . | . . Melee Attacks . | . . Impact . | . . Slashing . | . . Piercing . | . . Sneak Attacks . | . . Combat Hostiles . | . . Follow-up Attacks . | . . Damage Inflicted 136 | . 136 Guns 118 | . 118 Cannons . | . . Explosions . | . . Melee . | . . Ramming 3 | . 3 Kinetic 56 | . 56 Thermal 77 | . 77 Explosive . | . . Electromagnetic . | . . Impact . | . . Slashing . | . . Piercing . | . . Highest Corruption . | . . Average Corruption . | . . Corruption Purged . | . . Overload Shots . | . . Overflow Damage . | . . Projectiles . | . . Explosions . | . . Melee . | . . Knockbacks . | . . Impact . | . . Kinetic . | . . Secondary . | . . Self-Inflicted Damage . | . . Shots . | . . Rammed 5 | . 5 Targets Rammed 5 | . 5 Kicked . | . . Crushed . | . . Highest Temperature 142 | . 142 Average Temperature 62 | . 62 Received Heat Transfer 309 | . 309 Siege Activations . | . . Robots Corrupted . | . . Combat Hostiles . | . . Parts Fried . | . . Impact Corruptions . | . . Robots Melted . | . . Combat Hostiles . | . . Parts Melted . | . . Heat Transferred 285 | . 285 Parts Sabotaged . | . . Parts Stolen . | . . Parts Stripped . | . . Power Chain Reactions . | . . Missiles Intercepted . | . . Alert | -11 -10 ------- Run | Scr Mat Peak Influence 30 | . 30 Initial . | . . Average 2 | . 4 Maximum Alert Level . | . . Low Security (%) 100 | 100 100 Level 1 . | . . Level 2 . | . . Level 3 . | . . Level 4 . | . . Level 5 . | . . High Security . | . . Max Security . | . . Squads Dispatched . | . . Investigation . | . . Extermination . | . . Reinforcement . | . . Assault . | . . Garrison . | . . Intercept . | . . Construction Impeded . | . . Haulers Reinforced . | . . Stealth | -11 -10 --------- Run | Scr Mat Distress Signals . | . . Communications Jammed . | . . Distress Signals . | . . Times Spotted 5 | . 5 Peak Tracking Total 5 | . 5 Tactical Retreats . | . . Traps | -11 -10 ------- Run | Scr Mat Traps Triggered . | . . Indirectly . | . . Trap Hack Attempts . | . . Triggered . | . . Disarmed . | . . Reprogrammed . | . . Reused . | . . Traps Extracted . | . . Installed . | . . Triggered . | . . Machines | -11 -10 ---------- Run | Scr Mat Machines Disabled . | . . Max in Single Turn . | . . Machines Sabotaged . | . . Garrisons Compromised . | . . Overloaded Fab Kills . | . . Fab Network Shutdowns . | . . Hacking | -11 -10 --------- Run | Scr Mat Machines Accessed . | . . Terminals . | . . Fabricators . | . . Repair Stations . | . . Recycling Units . | . . Scanalyzers . | . . Garrison Access . | . . Total Hacks . | . . Successful . | . . Failed . | . . Catastrophic . | . . Database Lockouts . | . . Manual . | . . Terminals . | . . Fabricators . | . . Repair Stations . | . . Recycling Units . | . . Scanalyzers . | . . Garrison Access . | . . Terminal Hacks . | . . Fabricator Hacks . | . . Repair Station Hacks . | . . Recycling Unit Hacks . | . . Scanalyzer . | . . Garrison Access Hacks . | . . Unauthorized Hacks . | . . Terminals . | . . Fabricators . | . . Repair Stations . | . . Recycling Units . | . . Scanalyzers . | . . Garrison Access . | . . Data Cores Recovered . | . . Used . | . . Hacking Detections . | . . Full Trace Events . | . . Feedback Events . | . . Feedback Blocked . | . . Robot Schematics Acquired . | . . Robots Built . | . . Matter . | . . Time . | . . Total Robot Build Rating . | . . Part Schematics Acquired . | . . Parts Built . | . . Matter . | . . Time . | . . Total Part Build Rating . | . . Parts Repaired . | . . Time . | . . Parts Recycled . | . . Recycled Matter . | . . Retrieved Matter . | . . Retrieved Components . | . . Parts Scanalyzed . | . . Part Schematics Acquired . | . . Parts Damaged . | . . Bothacking | -11 -10 ------------ Run | Scr Mat Used RIF Installer . | . . Robots Hacked . | . . Non-combat . | . . Combat . | . . Robot Hacks Applied . | . . Relay Couplers Released . | . . Robots Rewired . | . . Allies Hacked . | . . Hacks Repelled . | . . Allies | -11 -10 -------- Run | Scr Mat Total Allies . | . . Largest Group . | . . Highest-Rated Group . | . . Highest-Rated Ally . | . . Total Orders . | . . Ally Attacks . | . . Total Damage . | . . Kills . | . . Allies Corrupted . | . . Allies Melted . | . . Intel | -11 -10 ------- Run | Scr Mat Robot Analysis Total . | . . Derelict Logs Recovered . | . . Drone Launches . | . . Drone Recoveries . | . . Exploration | -11 -10 ------------- Run | Scr Mat Turns Passed 201 | 60 141 Spaces Moved 129 | 53 76 Core 24 | 12 12 Treads . | . . Legs . | . . Wheels 105 | 41 64 Hover . | . . Flight . | . . Fastest Speed 50 | 50 90 Average Speed 95 | 87 101 Slowest Speed 250 | 100 250 Overloaded Moves . | . . Propulsion Burnouts . | . . Robots Hopped . | . . Cave-ins Triggered . | . . Exploration Rate (%) 10 | 3 18 Regions Visited 1 Branch Regions . Pre-discovered Areas . | . . Known Exits Taken . | . . Unknown Exits Taken 1 | 1 . Scrap Searched . | . . Spaces Dug . | . . Terrain Destroyed . | . . Melee . | . . Projectile . | . . AOE . | . . Terrain Rammed . | . . Walls Destroyed . | . . Machines Disabled . | . . Actions | -11 -10 --------- Run | Scr Mat Total 179 | 66 113 Wait 8 | . 8 Move 128 | 52 76 Hop . | . . Pick Up 11 | 7 4 Fast Attach . | . . Attach 10 | 6 4 Detach . | . . Swap . | . . Drop 1 | 1 . Fire 16 | . 16 Melee . | . . Ram 5 | . 5 Kick . | . . Crush . | . . Escape Stasis . | . . Rewire . | . . Trap . | . . Miscellaneous . | . . Route ------- -11/Scrapyard -10/Materials History --------- Turn | Location | Event 11 | -11/Scrapyard | Discovered new exit (range 16) 61 | -11/Scrapyard | Entered Materials 193 | -10/Materials | Core integrity fell below 50% 198 | -10/Materials | Core integrity fell below 20% 202 | -10/Materials | Destroyed by G-34 Mercenary with Small Laser Last Messages --------------- Acquired Welding Torch. U-05 Engineer lays Concrete. Welding Torch destroyed. U-05 Engineer builds a Wall. Welding Torch destroyed. U-05 Engineer lays Concrete. Slammed into G-47 Trooper. U-05 Engineer builds a Wall. Slammed into G-47 Trooper. U-05 Engineer builds a Wall. Slammed into G-47 Trooper. U-05 Engineer builds a Wall. Slammed into G-47 Trooper. G-47 Trooper destroyed. [Achievement: Fist Fight] Acquired 38 matter. U-05 Engineer lays Concrete. Acquired Lgt. Nuclear Core. U-05 Engineer lays Concrete. U-05 Engineer builds a Wall. Map ----- +----------------------------------------------------+ | ???????????????????????# # # | | ???????????????????????# + # | | ???????????????????????# #" # | | ???????????????????????# #T # | | ???????????????????????# #" # | | ???????????????????????# # # | | ???????????????????????# ###### | | ???????????????????????# #????? | | ???????????????????????# #????? | | ???????????????????????# #????? | | ?????????? ###### #????? | | ?????????? #????? | | ?????????????????####### #????? | | ???????????????######### #????? | | ?????????? ???# # #????? | | ?????????? ??# % + #????? | | ?????????? ?# # #????? | | ?????????? ########## ###### | | ????????? k # # | | ????????? ^ r # # | | ????????? """ # # | | ??????????#+##### "Y" # # | | ????????????????# g/ # | | ????????????????# g# "# | | ????????????????+ # T# | | ????????????????# @ # "# | | ????????????????## ####u#;;# # | | ?????????????????# #""### ;;#### | | ???????#?????????# #" # | | ???????# ##### ## # | | ???? ! # # | | ???? / # | | ???? ! # # | | ?????### #####%"" # | | ???????## ?????#""" ;;;;;# | | ????????# ?????? " ## | | ????????#??????? ! ## # #? | | ??????????????? ?## ####? | | ?????????????? ???####???? | | ?????????????#########??????????? | | ????????????????????????????????? | | ????????????????????????????????? | | ????????????????????????????????? | | ????????????????????????????????? | | ????????????????????????????????? | | ????????????????????????????????? | | ????????????????????????????????? | | ????????????????????????????????? | | ????????????????????????????????? | | ????????????????????????????????? | +----------------------------------------------------+ Best States ------------- Heat Dissipation 25 Energy Generation 10 Energy Capacity 125 Matter Stores 411 Matter Capacity 500 Sight Range 16 Terrain Scan Density 10 Evasion (%) 42 Item Schematics ----------------- None Robot Schematics ------------------ None Fabricated ------------ Nothing Alien Tech Used ----------------- None Achievements -------------- Fist Fight Challenges ------------ None Game ------ Seed HardenedPlasmaRegulator Manual? 0 Play Time 00:04:57 Cumulative 4.1 hours Start 2020.11.06 @ 15:58:50 End 2020.11.06 @ 16:01:50 Sessions 1 Manual Loads 0 Difficulty Rogue Special Mode None Game No. 6 Rogue 6 Adventurer 0 Explorer 0 Win Type - Total 0 Types 0/0/0/0/0/0/0/0/0 Lore% 6 Gallery% 10 Achievement% 7 Wizard Run 0 Options --------- ASCII 0 Keyboard 0 Movement Numpad Keybinds 0 Fullscreen 2 Font 18/SmallcapsGlow Map View 76x50 Tactical HUD 0 Map Filters NONE Filters NONE Steam X RUN: fc5db5f3-5cb4-45d1-8c4b-e97039a5a264